 Dungeon Crawl Stone Soup version 0.31.0-32-g396128a36d (webtiles) character file.

Game seed: 12974631242086294803

120026 Dungobob the Severer (level 16, -8/146 HPs)
             Began as a Minotaur Fighter on Apr 12, 2024.
             Was a High Priest of Okawaru.
             Mangled by a redback (16 damage)
             ... on level 1 of the Spider Nest on Apr 14, 2024.
             The game lasted 01:18:08 (27156 turns).

Dungobob the Severer (Minotaur Fighter)            Turns: 27156, Time: 01:18:11

Health: -8/146     AC:  2    Str: 31    XL:     16   Next: 29%
Magic:  16/19      EV: 18    Int:  8    God:    Okawaru [*****.]
Gold:   1393       SH: 23    Dex:  9    Spells: 15/15 levels left

rFire   . . .        a - +6 war axe (flame)
rCold   . . .        V - +0 tower shield
rNeg    + . .        c - +2 plate armour {rN+}
rPois   +            (helmet restricted)
rElec   .            M - +1 cloak {Will+}
rCorr   .            W - +1 pair of gloves
SInv    .            Z - +2 pair of slick slippers {slick, slippery, EV+4}
Will    +++..        P - amulet of Ippezes {Reflect +Blink Fly rPois SH+5} Stlth
                     i - ring of willpower
HPRegen 0.44/turn    I - +5 ring of evasion
MPRegen 0.16/turn

%: reflection
@: marked, corroded, flying
A: horns 2, retaliatory headbutt, clever 1, strong 1
a: Renounce Religion, Evoke Blink, Heroism, Finesse, Duel


You were on level 1 of the Spider Nest.
You worshipped Okawaru.
Okawaru was extremely pleased with you.
You visited 6 branches of the dungeon, and saw 26 of its levels.
You also visited: Bailey.

You collected 2826 gold pieces.
You spent 1433 gold pieces at shops.

Inventory:

Hand Weapons
 a - a +6 war axe of flaming (weapon)
 f - the +10 falchion "Lachey Jola" {spect, rC+}
   (You found it on level 1 of the Spider Nest)

   rC+:       It protects you from cold.
 A - the +7 dagger of the Whale {antimagic, ^Drain Fly rElec rCorr Dex+2}
   (You took it off Sigmund on level 5 of the Dungeon)

   Dex+2:     It affects your dexterity (+2).
   rElec:     It insulates you from electricity.
   Fly:       It grants you flight.
   rCorr:     It protects you from acid and corrosion.
   ^Drain:    It drains your maximum health when unequipped.
 Y - the +2 quick blade of the Thirteen Xeniums {venom, rCorr Int-2 SInv}
   (Okawaru gifted it to you on level 1 of the Orcish Mines)

   Int-2:     It affects your intelligence (-2).
   SInv:      It lets you see invisible.
   rCorr:     It protects you from acid and corrosion.
Missiles
 L - 14 atropa-tipped darts
Armour
 c - a +2 plate armour of positive energy (worn)
 M - a +1 cloak of willpower (worn)
 V - a +0 tower shield (worn)
 W - a +1 pair of gloves (worn)
 Z - the +2 pair of slick slippers (worn) {slick, slippery, EV+4}
   (Okawaru gifted it to you on level 1 of the Orcish Mines)

   Slick:     Its wearer cannot be constricted, engulfed, netted or webbed.
   Slippery:  Its wearer slips away from damaging melee attacks, pulling the
   attacker onward.
   EV+4:      It affects your evasion (+4).
Jewellery
 b - a ring of protection from fire
 i - a ring of willpower (left hand)
 l - a ring of positive energy
 m - a ring of flight
 I - a +5 ring of evasion (right hand)
 N - a ring of ice
 P - the amulet of Ippezes (around neck) {Reflect +Blink Fly rPois SH+5}
   (You bought it in a shop on level 8 of the Dungeon)

   [amulet of reflection]

   Reflect:   It reflects blocked missile attacks.
   rPois:     It protects you from poison Fly: It grants you flight.
   +Blink:    It lets you blink.
   SH+5:      It affects your SH (+5).
 Q - a +6 ring of strength
Wands
 D - a wand of digging (3)
 E - a wand of roots (6)
 J - a wand of paralysis (21)
Scrolls
 h - a scroll of enchant weapon
 j - 5 scrolls of fear
 k - 4 scrolls of silence
 n - 6 scrolls of blinking
 t - a scroll of fog
 u - 2 scrolls of revelation
 w - 5 scrolls of amnesia
 y - 12 scrolls of teleportation
 B - a scroll of butterflies {unknown}
 F - a scroll of acquirement {unknown}
 G - a scroll of brand weapon
 S - a scroll of poison {unknown}
Potions
 d - 8 potions of curing
 e - a potion of enlightenment
 o - 2 potions of magic
 p - 2 potions of mutation
 q - a potion of cancellation
 r - 6 potions of ambrosia
 s - 4 potions of brilliance
 v - 3 potions of lignification
 x - 4 potions of heal wounds
 z - a potion of resistance
 C - 8 potions of haste
 K - 2 potions of berserk rage
 O - 2 potions of invisibility
Miscellaneous
 g - a lightning rod (4/4)
 T - a condenser vane (quivered)


   Skills:
 + Level 14.2 Fighting
 + Level 10.6 Short Blades
 * Level 18.9 Axes
 + Level 15.9 Armour
 + Level 4.6 Dodging
 - Level 0.4 Stealth
 + Level 16.6 Shields
 * Level 6.5 Invocations
 - Level 0.1 Evocations


You had 15 spell levels left.
You didn't know any spells.
Your spell library contained the following spells:

 Spells                   Type           Power      Damage    Failure   Level
 Magic Dart               Conj           0%         1d3       98%         1
 Necrotise                Necr           0%         1d4       98%         1
 Shock                    Conj/Air       0%         1d3       98%         1
 Sting                    Conj/Alch      0%         1d3       98%         1
 Blink                    Tloc           0%         N/A       99%         2
 Cigotuvi's Dreadful Rot  Necr/Alch/Air  0%         N/A       99%         2
 Ensorcelled Hibernation  Hex/Ice        0%         N/A       99%         2
 Jinxbite                 Hex            0%         N/A       99%         2
 Lesser Beckoning         Tloc           0%         N/A       99%         2
 Mercury Vapours          Alch/Air       0%         N/A       99%         2
 Momentum Strike          Conj/Tloc      0%         3d8       99%         2
 Searing Ray              Conj           0%         2d4       99%         2
 Dazzling Flash           Conj/Hex       0%         N/A       100%        3
 Inner Flame              Hex/Fire       0%         N/A       100%        3
 Passwall                 Erth           0%         N/A       100%        3
 Swiftness                Air            0%         N/A       100%        3
 Vampiric Draining        Necr           0%         2d6       100%        3
 Volatile Blastmotes      Fire/Tloc      0%         2d10      100%        3
 Airstrike                Air            0%         2d(0-16)  100%        4
 Dispel Undead            Necr           0%         3d6       100%        4
 Fulminant Prism          Conj/Alch      0%         3d5       100%        4
 Olgreb's Toxic Radiance  Alch           0%         N/A       100%        4
 Alistair's Intoxication  Alch           0%         N/A       100%        5
 Borgnjor's Vile Clutch   Necr/Erth      0%         N/A       100%        5
 Curse of Agony           Necr           0%         N/A       100%        5
 Irradiate                Conj/Alch      0%         3d11      100%        5
 Yara's Violent Unravell  Hex/Alch       0%         3d3       100%        5
 Eringya's Noxious Bog    Alch           0%         4d6       100%        6
 Starburst                Conj/Fire      0%         6d3       100%        6
 Enfeeble                 Hex            0%         N/A       100%        7
 Ignition                 Fire           0%         3d3       100%        8
 Maxwell's Capacitive Co  Air            0%         ∞         100%        8
 Animate Dead             Necr           Unusable   N/A       N/A         4
 Martyr's Knell           Necr/Summ      Unusable   N/A       N/A         4
 Death Channel            Necr           Unusable   N/A       N/A         6

Dungeon Overview and Level Annotations

Branches:
Dungeon (15/15)            Temple (1/1) D:5            Lair (5/5) D:10
  Swamp (1/4) Lair:2       Spider (2/4) Lair:3        Slime (0/5) Lair:5
    Orc (2/2) D:9             Elf (0/3) Orc:2        Vaults (0/5) D:13
 Depths (0/4) D:15         Bailey (visited)

Altars:
Ashenzari
Cheibriados
Dithmenos
Elyvilon
Fedhas
Gozag
Hepliaklqana
Kikubaaqudgha
Makhleb
Nemelex Xobeh
Okawaru
Qazlal
Ru
Sif Muna
Trog
Uskayaw
Vehumet
Wu Jian
Xom
Yredelemnul
Zin
The Shining One
Jiyva

Shops:
D:4 *   D:8 [=   Orc:2 :**[

Portals:
Trove: D:10 (show abyssal rune of Zot)

Annotations:
D:13 1 runed translucent door
Temple 2 transporters
Spider:2 Aizul


Innate Abilities, Weirdness & Mutations

You have a pair of horns on your head.
You reflexively headbutt those who attack you in melee.
Your mind is acute. (Int +4, Str/Dex -1)
Your muscles are strong. (Str +4, Int/Dex -1)


Message History

You block the wolf spider's attack. x2
The entropy weaver attacks as it pursues you!
The entropy weaver closely misses you. You furiously retaliate!
You headbutt the entropy weaver. You block the entropy weaver's attack.
The entropy weaver misses you. The entropy weaver hits you.
* * * LOW HITPOINT WARNING * * *
You slip backwards!
You feel sick.
You are no longer poisoned.
The entropy weaver points at you and mumbles some strange words.
The entropic weave corrodes you!
Aizul coils and then uncoils.
The redback's soul is no longer bound.
You block the wolf spider's attack. x2
You feel like a meek peon again.
The culicivora chitters at something.
The entropy weaver casts a spell at you.
The entropic weave corrodes you!
There is a stone staircase leading up here.
You block the wolf spider's attack. The wolf spider closely misses you.
You block the redback's attack. The wolf spider barely misses you.
You block the wolf spider's attack.
Aizul says, "Fancy a snooze?"
The redback closely misses you.
You fly upwards.
There is a stone staircase leading down here.
You are too injured to fight recklessly!
Unknown command.
You are too injured to fight recklessly!
Unknown command.
You are too injured to fight recklessly!
Unknown command.
You are too injured to fight recklessly!
You hit the redback. You burn the redback.
The redback is almost dead.
You hit the wolf spider but do no damage.
The wolf spider hits you!!
* * * LOW HITPOINT WARNING * * *
You slip backwards!
The redback bites you!
You die...

##..######......#
#......##
###...#####..#####......#
##....................#
#..#############....##
####^.######### ###..#
#.............# ##.##
#.............# ###..#
#.............# #.#..#
#........@....# #...##
#.......ss...(# ##....##
#.............# #......#
#.............# #......##
##.............# #.......#
#......^.....#####......##
##.############ #.......#
######..# #.†.....#
....#...#
#########......##


You could see a wolf spider and a redback.

Vanquished Creatures
  A stone giant (D:14)
  An orc warlord (Orc:2)
  The ghost of Eolas the Geomancer, a journeyman GrEE of Vehumet (Lair:2)
  An eleionoma (Lair:2)
  A dire elephant (Lair:5)
  A spark wasp (Spider:2)
  2 ettins
  The ghost of jedibcg the Grappler, a journeyman TrMo of Ashenzari (Orc:2)
  2 rakshasas
  3 entropy weavers (Spider:1)
  2 catoblepae
  8 hydras
  4 boulder beetles
  3 centaur warriors
  6 ogre magi
  A deep troll shaman (Lair:5)
  21 two-headed ogres
  2 tengu warriors
  4 death yaks (Lair:5)
  2 demonic crawlers (Spider:1)
  A hell knight (D:15)
  3 skysharks
  A fire crab (Lair:3)
  4 skeletal warriors (D:15)
  3 pharaoh ants
  2 deep trolls (Orc:1)
  2 lindwurms
  A necromancer (D:15)
  A steelbarb worm (Spider:1)
  2 orc knights
  Pikel (D:6)
  7 cyclopes
  5 wolf spiders (Spider:1)
  An orc sorcerer (Orc:2)
  21 elephants
  13 ugly things
  4 kobold blastminers
  4 meliai
  A black mamba (shapeshifter) (D:13)
  2 manticores
  4 torpor snails
  4 black mambas
  3 gargoyles
  7 cane toads
  10 komodo dragons
  2 tengu conjurers
  3 rime drakes
  2 yaktaurs
  10 trolls
  A queen bee (D:15)
  4 polar bears
  Prince Ribbit (D:6)
  7 tarantellas (Spider:1)
  16 blink frogs
  2 hornets (Lair:4)
  15 dream sheep
  4 jumping spiders (Spider:1)
  A water elemental (D:15)
  3 centaur simulacra
  Sigmund (D:5)
  2 wraiths
  6 culicivoras (Spider:1)
  4 vampires
  4 wargs
  21 redbacks
  3 wyverns
  42 yaks
  2 basilisks
  A steam dragon (D:7)
  2 vampire mosquitoes (D:12)
  An acid dragon (D:9)
  15 water moccasins
  18 orc warriors
  6 black bears
  2 sky beasts
  4 boggarts (D:14)
  34 ogres
  12 centaurs
  11 wolves
  A phantom (D:6)
  The ghost of Tripartite the Insei, an amateur OpSh (D:3)
  6 kobold brigands
  Blork the orc (D:6)
  23 bullfrogs
  A gnoll sergeant (D:9)
  A scorpion (D:8)
  6 wights
  23 killer bees
  9 vampire bats (Bailey)
  An electric eel (Lair:5)
  8 wolf zombies (Bailey)
  2 howler monkeys
  A bombardier beetle (D:5)
  3 hounds
  3 jellies
  12 orc priests
  3 gnoll boudas
  5 sleepcaps
  20 orc wizards
  4 iguanas
  17 gnolls
  5 adders
  A white imp (D:6)
  2 ufetubi (D:6)
  5 ribbon worms
  2 dart slugs
  56 orcs
  10 bats
  3 endoplasms (D:4)
  4 goblins
  7 hobgoblins
  9 jackals
  35 kobolds
  3 quokkas
  10 ball pythons
  A frilled lizard (D:1)
  21 orc zombies (Bailey)
  4 rats
765 creatures vanquished.

Notes
Turn   | Place    | Note
-------+----------+-------------------------------------------
     0 | D:1      | Dungobob the Minotaur Fighter began the quest for the Orb.
     0 | D:1      | Reached XP level 1. HP: 19/19 MP: 0/0
   193 | D:1      | Reached XP level 2. HP: 27/27 MP: 1/1
   282 | D:1      | Found a faded altar of an unknown god.
  1064 | D:2      | Reached XP level 3. HP: 29/33 MP: 2/2
  1093 | D:2      | Reached skill level 3 in Axes
  1307 | D:2      | You fall into a shaft and drop 2 floors!
  1442 | D:4      | Found Tocelirch's Neck Hole.
  1491 | D:4      | Noticed a bullfrog
  1496 | D:4      | Killed a bullfrog
  1497 | D:4      | Reached skill level 4 in Axes
  1497 | D:4      | Reached XP level 4. HP: 40/41 MP: 3/3
  1563 | D:3      | Reached XP level 5. HP: 47/47 MP: 4/4
  1718 | D:3      | Reached skill level 5 in Axes
  1718 | D:3      | Reached skill level 1 in Dodging
  2079 | D:3      | Found a runed translucent door.
  2082 | D:3      | Noticed Tripartite's ghost (amateur OpSh)
  2090 | D:3      | Killed Tripartite's ghost
  2091 | D:3      | Reached skill level 5 in Armour
  2091 | D:3      | Reached XP level 6. HP: 45/53 MP: 5/5
  2535 | D:4      | Found a white marble altar of Elyvilon.
  2542 | D:4      | Found an opulent altar of Gozag.
  2545 | D:4      | Found a blossoming altar of Fedhas.
  2545 | D:4      | Found a glowing golden altar of the Shining One.
  2553 | D:4      | Found a sacrificial altar of Ru.
  2802 | D:4      | Found a broken altar of Ashenzari.
  2883 | D:5      | Entered Level 5 of the Dungeon
  2909 | D:5      | Found a staircase to the Ecumenical Temple.
  2921 | Temple   | Found a transporter.
  2921 | Temple   | Found a transporter.
  2921 | Temple   | Found a transporter.
  2921 | Temple   | Found a transporter.
  2921 | Temple   | Entered the Ecumenical Temple
  2933 | Temple   | Reached skill level 6 in Axes
  2938 | Temple   | Became a worshipper of Warmaster Okawaru
  3162 | D:5      | Reached skill level 5 in Fighting
  3354 | D:5      | Found a radiant altar of Vehumet.
  3364 | D:5      | Found an ancient bone altar of Kikubaaqudgha.
  3384 | D:5      | Reached XP level 7. HP: 61/61 MP: 6/6
  3391 | D:5      | Found a shimmering blue altar of Sif Muna.
  3713 | D:6      | Noticed Blork the orc
  3716 | D:6      | Identified the +7 dagger of the Whale {antimagic, ^Drain
                  | Fly rElec rCorr Dex+2}
  3716 | D:6      | Noticed Sigmund
  3962 | D:5      | Killed Sigmund
  3992 | D:6      | Killed Blork the orc
  3992 | D:6      | Reached * piety under Okawaru
  3993 | D:6      | Reached skill level 7 in Axes
  4120 | D:6      | Noticed Pikel
  4139 | D:6      | Killed Pikel
  4140 | D:6      | Reached skill level 1 in Short Blades
  4140 | D:6      | Reached skill level 5 in Shields
  4140 | D:6      | Reached XP level 8. HP: 41/70 MP: 0/7
  4247 | D:6      | Noticed Prince Ribbit
  4264 | D:6      | Killed Prince Ribbit
  4264 | D:6      | Reached ** piety under Okawaru
  4445 | D:6      | Reached skill level 8 in Axes
  4884 | D:6      | Reached XP level 9. HP: 58/78 MP: 2/8
  5364 | D:7      | Reached *** piety under Okawaru
  5849 | D:7      | Reached skill level 5 in Short Blades
  5931 | D:7      | Found a burning altar of Makhleb.
  6377 | D:8      | Found Huraisao's Jewellery Emporium.
  6423 | D:8      | Reached **** piety under Okawaru
  6633 | D:8      | Reached skill level 10 in Armour
  6633 | D:8      | Reached XP level 10. HP: 81/82 MP: 3/9
  6637 | D:8      | Noticed a two-headed ogre
  6670 | D:8      | Killed a two-headed ogre
  6847 | D:8      | Found Cheibriados's Comfort Zone.
  6849 | D:8      | Found a snail-covered altar of Cheibriados.
  7187 | D:8      | Found a snail-covered altar of Cheibriados.
  7351 | D:8      | Found a bloodstained altar of Trog.
  8162 | D:9      | Found a staircase to the Orcish Mines.
  8723 | D:10     | Entered Level 10 of the Dungeon
  8935 | D:10     | Reached XP level 11. HP: 95/95 MP: 1/10
  9042 | D:10     | Found a portal to a secret trove of treasure.
  9099 | D:10     | Found a hazy altar of Hepliaklqana.
  9114 | D:10     | Reached skill level 1 in Invocations
  9119 | D:10     | Found a faded altar of an unknown god.
  9311 | D:10     | Found a flagged portal.
  9317 | Bailey   | Entered a bailey
  9763 | Bailey   | Reached ***** piety under Okawaru
 10097 | D:10     | Identified the +2 robe of the Teacher {-Cast -Tele Rampage
                  | rN+++}
 10323 | D:10     | Found a staircase to the Lair.
 10982 | D:11     | Noticed a brown ugly thing
 10992 | D:11     | Killed a brown ugly thing
 11317 | D:12     | Noticed a two-headed ogre
 11330 | D:12     | Killed a two-headed ogre
 11760 | D:12     | Noticed a purple ugly thing
 11779 | D:12     | Killed a purple ugly thing
 11802 | D:12     | Noticed a boulder beetle
 11860 | D:12     | Killed a boulder beetle
 11860 | D:12     | Received a gift from Okawaru
 12039 | D:12     | Found an opulent altar of Gozag.
 12087 | D:12     | Reached skill level 10 in Shields
 12265 | D:12     | Reached skill level 10 in Short Blades
 12424 | D:13     | Noticed a tengu warrior
 12468 | D:12     | Killed a tengu warrior
 12469 | D:12     | Reached XP level 12. HP: 70/106 MP: 4/12
 12627 | D:13     | Noticed a two-headed ogre
 12627 | D:13     | Noticed an ogre mage
 12627 | D:13     | Noticed a two-headed ogre
 12628 | D:13     | Found a gate to the Vaults.
 12669 | D:12     | Killed a two-headed ogre
 12704 | D:13     | Reached skill level 10 in Fighting
 12717 | D:12     | Killed a two-headed ogre
 12738 | D:13     | Killed an ogre mage
 12886 | D:13     | Noticed a boulder beetle
 12912 | D:13     | Killed a boulder beetle
 12959 | D:13     | Found a runed translucent door.
 12959 | D:13     | Found a runed translucent door.
 12959 | D:13     | Noticed a five-headed hydra
 12993 | D:13     | Noticed a centaur warrior
 13002 | D:13     | Killed a centaur warrior
 13190 | D:13     | Noticed a two-headed ogre
 13204 | D:13     | Killed a two-headed ogre
 13375 | D:13     | Noticed a catoblepas
 13441 | D:13     | Killed a catoblepas
 13835 | D:13     | Noticed a centaur warrior
 13835 | D:13     | Noticed a four-headed hydra
 13973 | D:8      | Bought the amulet of Ippezes {Reflect +Blink Fly rPois
                  | SH+5} for 804 gold pieces
 14300 | Lair:1   | Entered Level 1 of the Lair of Beasts
 14747 | Lair:1   | Received a gift from Okawaru
 14959 | Lair:1   | Reached skill level 9 in Axes
 15585 | Lair:2   | Found an iron altar of Okawaru.
 15628 | Lair:2   | Reached skill level 10 in Axes
 15893 | Lair:2   | Found a runed translucent gate.
 15894 | Lair:2   | Found a runed translucent gate.
 15896 | Lair:2   | Found a runed translucent gate.
 15897 | Lair:2   | Noticed Eolas's ghost (journeyman GrEE)
 16102 | Lair:2   | Noticed an eleionoma
 16110 | Lair:2   | Killed an eleionoma
 16110 | Lair:2   | Received a gift from Okawaru
 16111 | Lair:2   | Reached XP level 13. HP: 116/116 MP: 10/13
 16144 | Lair:2   | Found a staircase to the Swamp.
 16763 | Lair:2   | Killed Eolas's ghost
 16857 | Swamp:1  | Entered Level 1 of the Swamp
 16985 | Lair:3   | Found a hole to the Spider Nest.
 17136 | Lair:3   | Reached skill level 11 in Axes
 17306 | Lair:3   | Reached skill level 15 in Armour
 17665 | Lair:3   | Reached skill level 12 in Axes
 17746 | Lair:3   | Received a gift from Okawaru
 18169 | Lair:3   | Gained mutation: Your muscles are strong. (Str +4, Int/Dex
                  | -1) [potion of mutation]
 18169 | Lair:3   | Gained mutation: You expend magic power (3 MP) to
                  | strengthen your wands. [potion of mutation]
 18169 | Lair:3   | Gained mutation: You are vulnerable to cold. (rC-) [potion
                  | of mutation]
 18169 | Lair:3   | Gained mutation: Your spells are a little harder to cast,
                  | but a little more powerful. [potion of mutation]
 18368 | Lair:4   | Reached skill level 13 in Axes
 18438 | Lair:4   | Received a gift from Okawaru
 19022 | Lair:4   | Reached skill level 14 in Axes
 19128 | Lair:4   | Received a gift from Okawaru
 19450 | Lair:5   | Entered Level 5 of the Lair of Beasts
 19478 | Lair:5   | Reached XP level 14. HP: 110/125 MP: 13/15
 19720 | Lair:5   | Received a gift from Okawaru
 19883 | Lair:5   | Reached skill level 15 in Axes
 20298 | Lair:5   | Found a viscous altar of Jiyva.
 20298 | Lair:5   | Found a staircase to the Slime Pits.
 20421 | Lair:5   | Reached skill level 16 in Axes
 20422 | Lair:5   | Received a gift from Okawaru
 21226 | Orc:1    | Entered Level 1 of the Orcish Mines
 21844 | Orc:2    | Entered Level 2 of the Orcish Mines
 22148 | Orc:1    | Reached ****** piety under Okawaru
 22149 | Orc:1    | Reached skill level 17 in Axes
 22150 | Orc:1    | Acquired the +2 quick blade of the Thirteen Xeniums {venom,
                  | rCorr Int-2 SInv}
 22150 | Orc:1    | Received a gift from Okawaru
 22151 | Orc:1    | Acquired the +2 pair of slick slippers {slick, slippery,
                  | EV+4}
 22151 | Orc:1    | Received a gift from Okawaru
 22151 | Orc:1    | Found the +2 pair of slick slippers {slick, slippery, EV+4}
 22395 | Orc:2    | Received a gift from Okawaru
 22398 | Orc:2    | Reached XP level 15. HP: 122/134 MP: 16/16
 22466 | Orc:2    | Found Zatec's General Store.
 22467 | Orc:2    | Found Jiptygua's Armour Shoppe.
 22473 | Orc:2    | Found Usaug's Book Emporium.
 22474 | Orc:2    | Found Weimun's Assorted Antiques.
 22481 | Orc:2    | Found a runed translucent door.
 22486 | Orc:2    | Noticed jedibcg's ghost (journeyman TrMo)
 22804 | Orc:2    | Found a staircase to the Elven Halls.
 23124 | Orc:2    | Killed jedibcg's ghost
 23146 | Orc:2    | Lost mutation: Your spells are a little harder to cast, but
                  | a little more powerful. [potion of mutation]
 23146 | Orc:2    | Lost mutation: You expend magic power (3 MP) to strengthen
                  | your wands. [potion of mutation]
 23146 | Orc:2    | Lost mutation: You are vulnerable to cold. (rC-) [potion of
                  | mutation]
 23146 | Orc:2    | Gained mutation: You have hidden genetic defects. [potion
                  | of mutation]
 23146 | Orc:2    | Lost mutation: You have hidden genetic defects. [potion of
                  | mutation]
 23146 | Orc:2    | Gained mutation: Your mind is acute. (Int +4, Str/Dex -1)
                  | [potion of mutation]
 23183 | Orc:2    | Bought a +2 plate armour of positive energy for 629 gold
                  | pieces
 23437 | D:13     | Reached skill level 15 in Shields
 23511 | D:13     | Identified the staff of Valour {rF+ rC+ Fire Earth}
 23934 | D:14     | Received a gift from Okawaru
 24527 | D:15     | Entered Level 15 of the Dungeon
 24605 | D:15     | Reached skill level 5 in Invocations
 24706 | D:15     | Found a blossoming altar of Fedhas.
 24769 | D:15     | Reached skill level 18 in Axes
 24800 | D:15     | Received a gift from Okawaru
 24954 | D:15     | Found a staircase to the Depths.
 25901 | Spider:1 | Entered Level 1 of the Spider Nest
 25949 | Spider:1 | Reached XP level 16. HP: 56/146 MP: 17/19
 26341 | Spider:1 | Identified the +10 falchion "Lachey Jola" {spect, rC+}
 26433 | Spider:1 | Received a gift from Okawaru
 26936 | Spider:1 | Identified the +4 falchion of Recklessness {heavy, Str+5}
 27139 | Spider:2 | Identified the serpent talisman of the Ecumenical Temple
                  | {rC+ rCorr Str+3 Dex+4}
 27139 | Spider:2 | Noticed Aizul
 27156 | Spider:1 | Mangled by a redback

Illustrated notes

Levels and vault maps discovered:
D:1:      tarquinn_simple_flora_water_f, layout_loops_ring,
          shapermc_ecumenical_altar_notcrosses, minmay_pentomino_u4
D:2:      layout_basic, serial_forest, infiniplex_forest_lined_3_way,
          infiniplex_forest_clump_cross, infiniplex_forest_clump_small,
          infiniplex_forest_straight_4, infiniplex_forest_lined_3,
          infiniplex_forest_lined_2, infiniplex_forest_lined_room_2
D:3:      layout_basic, ebering_ghost_inner_flame
D:4:      layout_basic, marbit_many_paths, nicolae_overflow_hallway_of_the_gods,
          nicolae_shop_sticking_my_neck_out
D:5:      layout_rooms, palyth_temple_overflow_mages, minmay_temple_entry_glass
D:6:      minmay_razor_zed, layout_rooms, kennysheep_generic_room_7,
          uniq_prince_ribbit1, uniq_sigmund, uniq_blork_the_orc, uniq_pikel
D:7:      layout_basic, mainiacjoe_overflow_six_doors_small,
          amcnicky_mini_pool_small, minmay_circle_x
D:8:      layout_cave_pools, trog_butcher_becter, lemuel_coloured_pillars_altar,
          serial_shops, kennysheep_mini, minmay_shop_chei, nrook_mini_vaults
D:9:      layout_loops_ring, orc_0_dummy, minmay_misc_feat_encased
D:10:     layout_cave_pools, beargit_hepliaklqana_dungeon_heroes,
          david_lair_shrubbed, enter_bailey_4, nicolae_trove_entry_isolated
D:11:     layout_loops_corners
D:12:     layout_cave_pools, serial_park, serial_park_tiny_1, serial_park_gazebo
          [serial_park_minivault_5x5_5], serial_park_tiny_1, serial_park_tiny_2,
          serial_park_tiny_pond, serial_park_tiny_1, serial_park_tiny_pond
D:13:     minmay_the_grid_triangle_9x9_rhombus_thin_mashed
          [minmay_the_grid_triangle_9x9_longest,
          minmay_the_grid_triangle_9x9_prize_top_heavy,
          minmay_the_grid_triangle_9x9_tough_junction,
          minmay_the_grid_triangle_9x9_corrupted_corridor], layout_cave_pools,
          david_vaults_2
D:14:     cheibrodos_monumental, layout_cave_pools, minivault_20
D:15:     hangedman_depths_entry_civil_slaughter, layout_irregular_city,
          fedhas_altar_1, hangedman_abyss_or_decor_stagger, hive_lemuel
Temple:   hellmonk_temple_divided_pantheon
Lair:1:   layout_regular_city, grunt_megastairs_1
Lair:2:   layout_cave_pods, alex1729_swamp_entry_worm_eleionoma,
          ebering_ghost_rock_garden, basic_altar
Lair:3:   nzn_winding_woodlands_small
          [nzn_winding_woodlands_5x15_pathside_ponds,
          nzn_winding_woodlands_center_triple_pond,
          nzn_winding_woodlands_5x15_river_crossing], layout_layer_cave,
          hellmonk_spider_entry_not_the_bees, dreamdust_mushroom_princess,
          roderic_batcave
Lair:4:   cheibrodos_lair_overgrown_chateau, layout_regular_city,
          grunt_megastairs_4
Lair:5:   grunt_lair_end_beastmaster, layout_layer_cave,
          dpeg_slime_entry_enclosed, gammafunk_lair_bear_cave,
          infiniplex_staircase_pool_2
Swamp:1:  layout_falls_marsh, nicolae_swamp_well_well_well
Spider:1: layout_cave_pods
Spider:2: layout_spider_delve, uniq_aizul
Orc:1:    layout_diamond_mine, nicolae_orc_takin'_care_of_business
Orc:2:    st_orc_open, layout_caves, ebering_ghost_reflecting_pool

Skill      XL: |  1  2  3  4  5  6  7  8  9 10 11 12 13 14 15 16 |
---------------+-------------------------------------------------+-----
Fighting       | 4 5 6 7 8 9 11 12 14 | 14.2
Armour         | 4 5 7 8 10 11 13 14 15 | 15.9
Axes           | 4 5 6 7 8 10 14 17 18 | 18.9
Shields        | 4 5 6 7 8 10 11 12 14 16 | 16.6
Dodging        | 1 2 3 4 |  4.6
Short Blades   | 1 2 6 8 10 | 10.6
Invocations    | 2 3 5 6 |  6.5
Stealth        | |  0.4
Evocations     | |  0.1

Action                     |  1- 3 |  4- 6 |  7- 9 | 10-12 | 13-15 | 16-18 || total
---------------------------+-------+-------+-------+-------+-------+-------++-------
  Melee: War axe           |    80 |   113 |    30 |   140 |   944 |   155 ||  1462
         Headbutt          |     7 |    16 |    65 |   261 |   251 |    33 ||   633
         Dagger            |       |       |   295 |   965 |       |       ||  1260
         Quick blade       |       |       |       |       |    22 |       ||    22
 Invoke: Heroism           |       |       |     1 |    20 |    20 |     2 ||    43
         Finesse           |       |       |       |       |     2 |       ||     2
         Receive Weapon    |       |       |       |       |     1 |       ||     1
         Receive Armour    |       |       |       |       |     1 |       ||     1
  Evoke: Wand              |       |       |       |       |    16 |       ||    16
         Condenser vane    |       |       |       |       |     1 |       ||     1
    Use: Potion            |       |     2 |     5 |     1 |     2 |     2 ||    12
         Scroll            |       |     5 |     9 |    10 |    10 |     3 ||    37
   Stab: Petrified         |       |       |       |       |     7 |       ||     7
         Distracted        |       |       |       |       |     1 |       ||     1
         Petrifying        |       |       |       |       |     1 |       ||     1
 Armour: Chain mail        |    54 |    48 |       |       |       |       ||   102
         Scale mail        |     4 |       |       |       |       |       ||     4
         Plate armour      |       |    79 |   334 |   490 |   399 |    54 ||  1356
         Skin              |       |       |    27 |       |       |       ||    27
  Dodge: Dodged            |    41 |    38 |   110 |   458 |   306 |    82 ||  1035
  Block: Buckler           |    24 |    34 |    96 |   299 |    70 |       ||   523
         Tower shield      |       |       |       |       |  1099 |   252 ||  1351
         Reflection        |       |       |       |       |    51 |       ||    51
